[ AOE2 MATCH · #489358070 ]
Team RMKhmer vs Bohemians
[ REPLAY ANALYSIS · EXTRACTED FROM THE RECORDED GAME ]
Feudal
13:32
Castle
24:47
Imperial
—
| APM avg | 8.5 |
| APM peak | 32 |
| eAPM avg | 5.0 |
| Villagers / military | 60 / 19 |
Focus
⚔️ 19.6% · 🌾 80.4%
Knight ×7 · Cavalry Archer ×7 · Scorpion ×5
Feudal
11:16
Castle
22:59
Imperial
30:40
| APM avg | 18.8 |
| APM peak | 37 |
| eAPM avg | 13.7 |
| Villagers / military | 137 / 11 |
Focus
⚔️ 35.4% · 🌾 64.6%
Unknown (1944) ×37 · Unknown (1952) ×36 · Unknown (1942) ×19 · Trade Cart ×14 · Unknown (1949) ×11 · Battering Ram ×10
Feudal
13:55
Castle
22:51
Imperial
34:07
| APM avg | 15.8 |
| APM peak | 92 |
| eAPM avg | 13.9 |
| Villagers / military | 99 / 213 |
Focus
⚔️ 21.5% · 🌾 78.5%
Scout Cavalry ×110 · Janissary ×79 · Trebuchet (Packed) ×11 · Camel Scout ×6 · Trade Cart ×5 · Petard ×3
Feudal
15:49
Castle
23:38
Imperial
47:15
| APM avg | 15.4 |
| APM peak | 46 |
| eAPM avg | 8.7 |
| Villagers / military | 64 / 139 |
Focus
⚔️ 42.9% · 🌾 57.1%
Spearman ×76 · Skirmisher ×33 · Bombard Cannon ×13 · Hussite Wagon ×7 · Mangonel ×5 · Battering Ram ×2
Match map
Initial resources + every placement click. Lines = walls · curves = elevation contours. ◆ gold · ⬟ stone · ● berries · ✦ relic · ◌ wall gap
Your base· ✓ Closed at 24:47 · 45t walls · no gate
东哥's base· ✓ Closed at 22:59 · 10t walls · no gate
FEARthisDUDE's base· ✓ Closed at 22:51 · 51t walls · 2 gate(s)
最强王者十万个's base· ✓ Closed at 23:38 · 31t walls · 1 gate(s)
Smoothed initial terrain · ◌ = detected wall gap · hover for details
Inputs per minute
— Burrito - - 东哥
Build order — Burrito
First 150 of 165 actions detected
| 0:04 | Build | House |
| 0:07 | Build | House |
| 0:07 | Create | Villager (Male) |
| 0:08 | Create | Villager (Male) |
| 0:08 | Create | Villager (Male) |
| 0:08 | Create | Villager (Male) |
| 0:08 | Create | Villager (Male) |
| 0:09 | Research | Loom |
| 1:47 | Build | Palisade Wall |
| 2:18 | Build | House |
| 2:20 | Create | Villager (Male) |
| 2:21 | Create | Villager (Male) |
| 2:21 | Create | Villager (Male) |
| 2:46 | Create | Villager (Male) |
| 3:23 | Build | Palisade Wall |
| 3:43 | Build | Mill |
| 4:12 | Build | Palisade Wall |
| 4:37 | Create | Villager (Male) |
| 4:37 | Create | Villager (Male) |
| 4:38 | Create | Villager (Male) |
| 4:38 | Create | Villager (Male) |
| 5:16 | Create | Villager (Male) |
| 5:17 | Create | Villager (Male) |
| 6:29 | Build | Lumber Camp |
| 7:13 | Create | Villager (Male) |
| 7:13 | Create | Villager (Male) |
| 7:15 | Create | Villager (Male) |
| 7:15 | Create | Villager (Male) |
| 7:21 | Create | Villager (Male) |
| 7:33 | Build | House |
| 9:06 | Build | Mining Camp |
| 9:13 | Create | Villager (Male) |
| 9:47 | Build | Farm |
| 11:22 | Research | Feudal Age |
| 13:23 | Create | Villager (Male) |
| 13:24 | Create | Villager (Male) |
| 13:24 | Create | Villager (Male) |
| 13:24 | Create | Villager (Male) |
| 13:24 | Create | Villager (Male) |
| 13:25 | Create | Villager (Male) |
| 13:25 | Create | Villager (Male) |
| 13:25 | Create | Villager (Male) |
| 13:26 | Create | Villager (Male) |
| 13:26 | Create | Villager (Male) |
| 13:32 | Age | Feudal Age |
| 13:33 | Research | Double-Bit Axe |
| 13:38 | Research | Horse Collar |
| 14:07 | Build | Barracks |
| 14:14 | Build | House |
| 14:43 | Research | Wheelbarrow |
| 15:36 | Build | Stone Wall |
| 15:47 | Build | Mining Camp |
| 15:51 | Build | Farm |
| 16:50 | Build | Mill |
| 17:02 | Build | Farm |
| 18:01 | Build | Market |
| 18:40 | Research | Gold Mining |
| 18:40 | Research | Stone Mining |
| 19:35 | Build | Mining Camp |
| 20:29 | Build | Blacksmith |
| 21:17 | Research | Town Watch |
| 22:07 | Research | Castle Age |
| 23:18 | Build | House |
| 23:30 | Build | Lumber Camp |
| 23:47 | Build | House |
| 24:47 | Age | Castle Age |
| 24:55 | Build | Castle |
| 25:05 | Create | Villager (Male) |
| 25:06 | Create | Villager (Male) |
| 25:40 | Build | Town Center |
| 26:36 | Research | Forging |
| 26:37 | Research | Scale Mail Armor |
| 26:37 | Research | Scale Barding Armor |
| 26:38 | Research | Padded Archer Armor |
| 26:51 | Research | Fletching |
| 26:55 | Research | Heavy Plow |
| 27:11 | Research | Bow Saw |
| 27:26 | Research | Gold Shaft Mining |
| 27:37 | Research | Stone Shaft Mining |
| 28:44 | Create | Villager (Male) |
| 29:22 | Research | Hand Cart |
| 29:37 | Create | Villager (Male) |
| 29:37 | Create | Villager (Male) |
| 29:38 | Create | Villager (Male) |
| 29:39 | Create | Villager (Male) |
| 29:39 | Create | Villager (Male) |
| 29:51 | Build | Farm |
| 29:58 | Build | Farm |
| 30:01 | Build | Farm |
| 30:09 | Build | Farm |
| 30:14 | Create | Villager (Male) |
| 30:53 | Build | Farm |
| 30:58 | Create | Villager (Male) |
| 30:58 | Create | Villager (Male) |
| 30:58 | Create | Villager (Male) |
| 31:28 | Create | Villager (Male) |
| 31:28 | Create | Villager (Male) |
| 31:28 | Create | Villager (Male) |
| 31:29 | Create | Villager (Male) |
| 31:29 | Create | Villager (Male) |
| 31:32 | Create | Villager (Male) |
| 31:32 | Create | Villager (Male) |
| 31:32 | Create | Villager (Male) |
| 31:32 | Create | Villager (Male) |
| 31:36 | Create | Villager (Male) |
| 31:58 | Build | Farm |
| 32:23 | Build | Farm |
| 32:47 | Build | Farm |
| 33:07 | Create | Villager (Male) |
| 33:08 | Create | Villager (Male) |
| 33:11 | Create | Villager (Male) |
| 33:11 | Create | Villager (Male) |
| 33:11 | Create | Villager (Male) |
| 33:15 | Build | Farm |
| 33:27 | Build | Farm |
| 34:17 | Build | Siege Workshop |
| 34:23 | Build | Stable |
| 34:32 | Build | Archery Range |
| 34:48 | Build | House |
| 34:49 | Build | House |
| 34:51 | Build | House |
| 34:52 | Build | House |
| 34:52 | Build | House |
| 34:53 | Build | House |
| 34:54 | Build | House |
| 34:55 | Build | House |
| 34:56 | Build | House |
| 34:57 | Build | House |
| 34:58 | Build | House |
| 34:58 | Build | House |
| 35:04 | Build | Farm |
| 35:05 | Build | Farm |
| 35:10 | Build | Farm |
| 35:19 | Build | Mining Camp |
| 35:49 | Build | Stone Wall |
| 36:40 | Build | Castle |
| 36:51 | Create | Knight |
| 36:51 | Create | Knight |
| 36:52 | Create | Knight |
| 36:52 | Create | Knight |
| 36:52 | Create | Knight |
| 36:52 | Create | Knight |
| 36:52 | Create | Knight |
| 36:56 | Create | Cavalry Archer |
| 36:56 | Create | Cavalry Archer |
| 36:56 | Create | Cavalry Archer |
| 36:57 | Create | Cavalry Archer |
| 36:57 | Create | Cavalry Archer |
| 36:57 | Create | Cavalry Archer |
| 36:58 | Create | Cavalry Archer |
Build order — 东哥
First 150 of 499 actions detected
| 0:06 | Research | Loom |
| 0:06 | Research | Loom |
| 0:06 | Research | Loom |
| 0:09 | Create | Villager (Male) |
| 0:10 | Create | Villager (Male) |
| 0:10 | Create | Villager (Male) |
| 0:10 | Create | Villager (Male) |
| 0:17 | Build | House |
| 1:43 | Build | Palisade Wall |
| 2:06 | Build | House |
| 2:35 | Create | Villager (Male) |
| 2:35 | Create | Villager (Male) |
| 2:35 | Create | Villager (Male) |
| 2:53 | Build | House |
| 3:04 | Build | Mill |
| 3:08 | Create | Villager (Male) |
| 3:08 | Create | Villager (Male) |
| 3:09 | Create | Villager (Male) |
| 4:17 | Create | Villager (Male) |
| 4:18 | Create | Villager (Male) |
| 4:18 | Create | Villager (Male) |
| 4:18 | Create | Villager (Male) |
| 4:51 | Create | Villager (Male) |
| 4:51 | Create | Villager (Male) |
| 4:51 | Create | Villager (Male) |
| 5:29 | Create | Villager (Male) |
| 5:29 | Create | Villager (Male) |
| 5:29 | Create | Villager (Male) |
| 5:41 | Create | Villager (Male) |
| 5:41 | Create | Villager (Male) |
| 5:55 | Create | Villager (Male) |
| 5:55 | Create | Villager (Male) |
| 5:55 | Create | Villager (Male) |
| 6:17 | Create | Villager (Male) |
| 6:18 | Create | Villager (Male) |
| 6:18 | Create | Villager (Male) |
| 6:41 | Build | Lumber Camp |
| 7:00 | Create | Villager (Male) |
| 7:00 | Create | Villager (Male) |
| 7:00 | Create | Villager (Male) |
| 7:01 | Create | Villager (Male) |
| 7:18 | Create | Villager (Male) |
| 7:19 | Create | Villager (Male) |
| 7:19 | Create | Villager (Male) |
| 8:00 | Create | Villager (Male) |
| 8:00 | Create | Villager (Male) |
| 8:00 | Create | Villager (Male) |
| 8:01 | Create | Villager (Male) |
| 9:06 | Research | Feudal Age |
| 9:06 | Research | Feudal Age |
| 9:06 | Research | Feudal Age |
| 9:16 | Build | Mining Camp |
| 10:16 | Build | House |
| 10:45 | Build | House |
| 10:56 | Build | House |
| 11:15 | Build | Mining Camp |
| 11:16 | Age | Feudal Age |
| 11:20 | Research | Wheelbarrow |
| 11:21 | Research | Wheelbarrow |
| 11:53 | Build | Watch Tower |
| 12:06 | Research | Double-Bit Axe |
| 12:06 | Research | Double-Bit Axe |
| 12:06 | Research | Double-Bit Axe |
| 12:23 | Create | Villager (Male) |
| 12:27 | Research | Horse Collar |
| 12:40 | Create | Villager (Male) |
| 12:40 | Create | Villager (Male) |
| 12:40 | Create | Villager (Male) |
| 12:41 | Create | Villager (Male) |
| 12:41 | Create | Villager (Male) |
| 12:41 | Create | Villager (Male) |
| 12:41 | Create | Villager (Male) |
| 12:42 | Create | Villager (Male) |
| 13:28 | Build | Farm |
| 13:40 | Build | Market |
| 14:00 | Build | Farm |
| 14:01 | Build | Farm |
| 14:03 | Build | Farm |
| 14:08 | Create | Villager (Male) |
| 14:08 | Create | Villager (Male) |
| 14:08 | Create | Villager (Male) |
| 14:09 | Create | Villager (Male) |
| 14:09 | Create | Villager (Male) |
| 14:34 | Build | Barracks |
| 14:41 | Create | Villager (Male) |
| 14:42 | Create | Villager (Male) |
| 14:42 | Create | Villager (Male) |
| 14:42 | Create | Villager (Male) |
| 15:23 | Build | Farm |
| 15:24 | Build | Farm |
| 15:26 | Build | Farm |
| 15:41 | Build | House |
| 15:59 | Build | Stable |
| 16:11 | Create | Villager (Male) |
| 16:11 | Create | Villager (Male) |
| 16:11 | Create | Villager (Male) |
| 16:12 | Create | Villager (Male) |
| 16:22 | Build | Farm |
| 16:29 | Build | Farm |
| 16:33 | Create | Villager (Male) |
| 16:33 | Create | Villager (Male) |
| 16:34 | Create | Villager (Male) |
| 16:46 | Build | Blacksmith |
| 16:53 | Build | House |
| 17:04 | Build | House |
| 17:15 | Build | House |
| 17:25 | Build | Mining Camp |
| 17:37 | Build | Farm |
| 17:45 | Build | Farm |
| 18:26 | Build | House |
| 18:37 | Build | Farm |
| 18:38 | Build | Farm |
| 18:55 | Create | Villager (Male) |
| 19:00 | Build | Farm |
| 19:18 | Create | Villager (Male) |
| 19:23 | Build | Farm |
| 19:53 | Build | Farm |
| 20:19 | Research | Castle Age |
| 20:19 | Research | Castle Age |
| 20:19 | Research | Castle Age |
| 20:28 | Build | House |
| 20:46 | Research | Stone Mining |
| 20:56 | Research | Gold Mining |
| 20:57 | Research | Gold Mining |
| 21:35 | Build | House |
| 21:36 | Build | House |
| 21:39 | Build | House |
| 21:40 | Build | House |
| 22:59 | Age | Castle Age |
| 23:08 | Research | Hand Cart |
| 23:09 | Research | Hand Cart |
| 23:09 | Research | Town Watch |
| 23:10 | Research | Town Watch |
| 23:13 | Research | Stone Shaft Mining |
| 23:13 | Research | Stone Shaft Mining |
| 23:19 | Research | Bow Saw |
| 23:19 | Research | Bow Saw |
| 23:24 | Research | Heavy Plow |
| 23:24 | Research | Heavy Plow |
| 23:25 | Research | Heavy Plow |
| 23:39 | Create | Villager (Male) |
| 23:39 | Create | Villager (Male) |
| 23:39 | Create | Villager (Male) |
| 23:53 | Research | Gold Shaft Mining |
| 23:54 | Research | Gold Shaft Mining |
| 23:54 | Research | Gold Shaft Mining |
| 24:15 | Build | University |
| 24:23 | Build | House |
| 24:31 | Create | Villager (Male) |
| 24:32 | Create | Villager (Male) |
Build order — FEARthisDUDE
First 150 of 356 actions detected
| 0:02 | Research | Loom |
| 0:03 | Create | Villager (Male) ×4 |
| 0:06 | Build | House |
| 0:30 | Build | Palisade Gate |
| 0:39 | Build | Palisade Wall |
| 2:00 | Build | Palisade Gate |
| 2:06 | Build | Palisade Wall |
| 2:45 | Create | Villager (Male) ×2 |
| 2:58 | Build | House |
| 3:00 | Build | House |
| 3:06 | Build | House |
| 3:21 | Create | Villager (Male) |
| 3:50 | Create | Villager (Male) |
| 4:42 | Create | Villager (Male) |
| 4:59 | Create | Villager (Male) |
| 5:32 | Build | Lumber Camp |
| 5:42 | Create | Villager (Male) |
| 6:22 | Create | Villager (Male) ×2 |
| 7:01 | Create | Villager (Male) |
| 7:02 | Create | Villager (Male) |
| 7:28 | Create | Villager (Male) ×2 |
| 8:05 | Create | Villager (Male) |
| 8:19 | Build | Mining Camp |
| 8:49 | Build | Mill |
| 9:28 | Create | Villager (Male) |
| 10:08 | Build | Mill |
| 11:45 | Research | Feudal Age |
| 13:55 | Age | Feudal Age |
| 13:58 | Research | Horse Collar |
| 14:04 | Research | Double-Bit Axe |
| 14:08 | Research | Gold Mining |
| 14:11 | Create | Villager (Male) |
| 14:15 | Research | Wheelbarrow |
| 15:05 | Create | Villager (Male) |
| 15:44 | Create | Villager (Male) |
| 16:06 | Build | House |
| 16:17 | Build | Watch Tower |
| 16:45 | Build | Gate |
| 16:52 | Build | Stone Wall |
| 17:00 | Build | Stone Wall |
| 17:13 | Build | Gate |
| 17:22 | Build | Stone Wall |
| 17:53 | Build | Market |
| 18:02 | Build | Blacksmith |
| 18:06 | Create | Villager (Male) ×5 |
| 18:26 | Build | Mill |
| 19:21 | Build | Gate |
| 19:27 | Build | Stone Wall |
| 19:33 | Build | Stone Wall |
| 19:59 | Research | Castle Age |
| 20:09 | Build | Mining Camp |
| 21:29 | Create | Trade Cart ×5 |
| 21:56 | Build | Farm |
| 21:58 | Build | Farm |
| 21:59 | Build | Farm |
| 22:01 | Build | Farm |
| 22:02 | Build | Farm |
| 22:03 | Build | Farm |
| 22:04 | Build | Farm |
| 22:15 | Research | Town Watch |
| 22:34 | Build | House |
| 22:35 | Build | House |
| 22:38 | Build | House |
| 22:40 | Build | House |
| 22:51 | Age | Castle Age |
| 23:41 | Build | Castle |
| 23:56 | Research | Hand Cart |
| 24:22 | Build | University |
| 24:34 | Create | Villager (Male) ×4 |
| 25:25 | Build | Barracks |
| 25:46 | Build | Farm |
| 25:47 | Build | Farm |
| 25:47 | Build | Farm |
| 26:19 | Create | Janissary |
| 26:22 | Create | Petard |
| 26:47 | Build | Siege Workshop |
| 27:00 | Create | Villager (Male) ×5 |
| 27:14 | Create | Petard |
| 28:30 | Build | Farm |
| 28:31 | Build | Farm |
| 28:32 | Build | Farm |
| 28:39 | Create | Mangonel |
| 29:18 | Create | Janissary |
| 30:50 | Research | Fortified Wall (upgrade) |
| 30:57 | Research | Imperial Age |
| 31:02 | Research | Fortified Wall (upgrade) |
| 31:18 | Research | Fletching |
| 32:24 | Create | Janissary |
| 32:53 | Build | Town Center |
| 33:46 | Create | Villager (Male) ×5 |
| 34:07 | Age | Imperial Age |
| 34:12 | Create | Villager (Male) ×5 |
| 34:12 | Create | Villager (Male) ×5 |
| 34:38 | Create | Trebuchet (Packed) |
| 35:05 | Research | Caravan |
| 35:33 | Build | Town Center |
| 36:08 | Research | Bodkin Arrow |
| 36:34 | Create | Militia |
| 37:16 | Build | Farm |
| 37:16 | Build | Farm |
| 37:16 | Build | Farm |
| 37:16 | Build | Farm |
| 37:16 | Build | Farm |
| 37:16 | Build | Farm |
| 37:16 | Build | Farm |
| 37:16 | Build | Farm |
| 37:16 | Build | Farm |
| 37:16 | Build | Farm |
| 37:16 | Build | Farm |
| 37:16 | Build | Farm |
| 37:16 | Build | Farm |
| 37:16 | Build | Farm |
| 37:16 | Build | Farm |
| 37:16 | Build | Farm |
| 37:16 | Build | Farm |
| 37:16 | Build | Farm |
| 37:17 | Build | Farm |
| 37:17 | Build | Farm |
| 37:17 | Build | Farm |
| 37:17 | Build | Farm |
| 37:17 | Build | Farm |
| 37:17 | Build | Farm |
| 37:17 | Build | Farm |
| 37:17 | Build | Farm |
| 37:17 | Build | Farm |
| 37:17 | Build | Farm |
| 37:17 | Build | Farm |
| 37:40 | Build | Farm |
| 37:40 | Build | Farm |
| 37:40 | Build | Farm |
| 37:40 | Build | Farm |
| 37:40 | Build | Farm |
| 37:52 | Build | Farm |
| 37:52 | Build | Farm |
| 37:52 | Build | Farm |
| 37:52 | Build | Farm |
| 37:52 | Build | Farm |
| 37:52 | Build | Farm |
| 37:53 | Build | Farm |
| 37:53 | Build | Farm |
| 37:53 | Build | Farm |
| 37:53 | Build | Farm |
| 37:53 | Build | Farm |
| 37:53 | Build | Farm |
| 37:53 | Build | Farm |
| 37:53 | Build | Farm |
| 37:53 | Build | Farm |
| 38:05 | Build | Farm |
| 38:05 | Build | Farm |
| 38:05 | Build | Farm |
Build order — 最强王者十万个
First 150 of 270 actions detected
| 0:17 | Research | Loom |
| 0:17 | Create | Villager (Male) |
| 0:17 | Create | Villager (Male) |
| 0:18 | Create | Villager (Male) |
| 0:18 | Create | Villager (Male) |
| 0:18 | Create | Villager (Male) |
| 1:11 | Build | House |
| 1:17 | Build | House |
| 1:22 | Build | House |
| 2:13 | Build | Palisade Wall |
| 4:47 | Create | Villager (Male) |
| 4:48 | Create | Villager (Male) |
| 6:03 | Build | Mill |
| 6:09 | Create | Villager (Male) ×3 |
| 7:23 | Create | Villager (Male) |
| 7:26 | Create | Villager (Male) |
| 7:26 | Create | Villager (Male) |
| 8:05 | Create | Villager (Male) |
| 8:06 | Create | Villager (Male) |
| 8:27 | Create | Villager (Male) |
| 8:27 | Create | Villager (Male) |
| 8:37 | Build | House |
| 8:49 | Build | House |
| 9:13 | Create | Villager (Male) |
| 9:14 | Create | Villager (Male) |
| 9:14 | Create | Villager (Male) |
| 9:14 | Create | Villager (Male) |
| 9:48 | Create | Villager (Male) |
| 9:48 | Create | Villager (Male) |
| 9:58 | Create | Villager (Male) |
| 10:28 | Build | Mining Camp |
| 10:53 | Build | Lumber Camp |
| 11:06 | Create | Villager (Male) |
| 11:07 | Create | Villager (Male) |
| 11:08 | Create | Villager (Male) |
| 11:10 | Create | Villager (Male) |
| 11:24 | Build | Farm |
| 11:30 | Build | Farm |
| 11:57 | Build | Farm |
| 13:28 | Research | Feudal Age |
| 13:53 | Build | Mining Camp |
| 15:49 | Age | Feudal Age |
| 15:52 | Build | Mill |
| 15:56 | Research | Wheelbarrow |
| 16:00 | Research | Double-Bit Axe |
| 16:04 | Research | Horse Collar |
| 17:02 | Build | Stone Wall |
| 17:26 | Build | Gate |
| 18:11 | Build | Farm |
| 18:13 | Build | Farm |
| 18:14 | Build | Farm |
| 18:18 | Build | Farm |
| 18:35 | Build | Market |
| 18:46 | Build | Blacksmith |
| 19:44 | Build | Barracks |
| 20:03 | Build | Stone Wall |
| 20:08 | Research | Town Watch |
| 20:09 | Create | Villager (Male) ×5 |
| 20:38 | Research | Castle Age |
| 20:43 | Research | Castle Age |
| 21:32 | Research | Fletching |
| 21:57 | Build | Mining Camp |
| 22:13 | Build | Farm |
| 22:16 | Build | Farm |
| 22:18 | Build | Farm |
| 22:30 | Build | House |
| 22:33 | Build | House |
| 22:35 | Build | House |
| 22:38 | Build | House |
| 22:40 | Build | House |
| 22:44 | Build | House |
| 22:48 | Build | House |
| 22:50 | Build | House |
| 22:51 | Build | House |
| 22:53 | Build | House |
| 23:05 | Build | House |
| 23:22 | Build | Outpost |
| 23:38 | Age | Castle Age |
| 23:46 | Build | Outpost |
| 24:11 | Build | University |
| 24:18 | Research | Town Patrol |
| 24:22 | Research | Bow Saw |
| 25:14 | Research | Fortified Wall (upgrade) |
| 25:45 | Create | Villager (Male) |
| 25:46 | Create | Villager (Male) |
| 25:46 | Create | Villager (Male) |
| 25:46 | Create | Villager (Male) |
| 25:46 | Create | Villager (Male) |
| 25:47 | Create | Villager (Male) |
| 25:55 | Build | Lumber Camp |
| 26:17 | Research | Masonry |
| 27:50 | Build | Castle |
| 27:58 | Research | Heavy Plow |
| 28:19 | Build | Town Center |
| 28:29 | Research | Chemistry |
| 28:32 | Research | Bodkin Arrow |
| 28:34 | Research | Forging |
| 28:34 | Research | Scale Mail Armor |
| 28:36 | Research | Padded Archer Armor |
| 28:48 | Research | Pikeman (upgrade) |
| 28:50 | Create | Spearman |
| 28:50 | Create | Spearman |
| 29:08 | Build | Siege Workshop |
| 29:50 | Create | Hussite Wagon |
| 29:50 | Create | Hussite Wagon |
| 30:28 | Build | Monastery |
| 30:44 | Create | Villager (Male) |
| 30:44 | Create | Villager (Male) |
| 30:44 | Create | Villager (Male) |
| 30:59 | Create | Mangonel |
| 31:16 | Build | Archery Range |
| 31:26 | Build | Archery Range |
| 31:43 | Build | Stone Wall |
| 32:28 | Research | Elite Skirmisher (upgrade) |
| 32:29 | Create | Skirmisher |
| 32:29 | Create | Skirmisher |
| 32:41 | Build | Gate |
| 32:43 | Build | Gate |
| 33:56 | Create | Battering Ram |
| 34:10 | Research | Hand Cart |
| 34:21 | Create | Villager (Male) |
| 34:21 | Create | Villager (Male) |
| 34:32 | Create | Villager (Male) |
| 34:32 | Create | Villager (Male) |
| 34:43 | Research | Murder Holes |
| 34:49 | Research | Iron Casting |
| 34:49 | Research | Chain Mail Armor |
| 37:23 | Build | Mining Camp |
| 37:32 | Create | Villager (Male) |
| 37:33 | Create | Villager (Male) |
| 37:37 | Research | Fervor |
| 38:57 | Create | Monk |
| 39:18 | Build | Lumber Camp |
| 39:51 | Build | Siege Workshop |
| 40:00 | Build | Siege Workshop |
| 40:06 | Build | Siege Workshop |
| 40:07 | Build | Siege Workshop |
| 40:11 | Build | Siege Workshop |
| 40:33 | Create | Hussite Wagon |
| 40:34 | Create | Hussite Wagon |
| 40:38 | Create | Mangonel |
| 40:38 | Create | Mangonel |
| 40:43 | Create | Skirmisher |
| 40:43 | Create | Skirmisher |
| 41:01 | Create | Skirmisher |
| 41:01 | Create | Skirmisher |
| 41:01 | Create | Skirmisher |
| 41:17 | Research | Squires |
| 41:20 | Create | Spearman |
| 41:20 | Create | Spearman |
Match timeline
| 0:39 | FEARthisDUDE · wall_segment Palisade Wall x10 |
| 1:43 | 东哥 · wall_segment Palisade Wall x10 |
| 1:47 | Burrito · wall_segment Palisade Wall x11 |
| 2:06 | FEARthisDUDE · wall_segment Palisade Wall x5 |
| 2:13 | 最强王者十万个 · wall_segment Palisade Wall x11 |
| 3:23 | Burrito · wall_segment Palisade Wall x11 |
| 4:12 | Burrito · wall_segment Palisade Wall x9 |
| 11:16 | 东哥 · age_up feudal |
| 13:32 | Burrito · age_up feudal |
| 13:55 | FEARthisDUDE · age_up feudal |
| 14:07 | Burrito · first_building Barracks |
| 14:34 | 东哥 · first_building Barracks |
| 15:36 | Burrito · wall_segment Stone Wall x14 |
| 15:49 | 最强王者十万个 · age_up feudal |
| 15:59 | 东哥 · first_building Stable |
| 16:52 | FEARthisDUDE · wall_segment Stone Wall x3 |
| 17:00 | FEARthisDUDE · wall_segment Stone Wall x6 |
| 17:02 | 最强王者十万个 · wall_segment Stone Wall x10 |
| 17:22 | FEARthisDUDE · wall_segment Stone Wall x15 |
| 19:27 | FEARthisDUDE · wall_segment Stone Wall x7 |
| 19:33 | FEARthisDUDE · wall_segment Stone Wall x5 |
| 19:44 | 最强王者十万个 · first_building Barracks |
| 20:03 | 最强王者十万个 · wall_segment Stone Wall x11 |
| 20:11 | Burrito · first_market_buy 100 wood |
| 22:51 | FEARthisDUDE · age_up castle |
| 22:59 | 东哥 · age_up castle |
| 23:07 | FEARthisDUDE · first_market_buy 100 stone |
| 23:10 | FEARthisDUDE · first_market_sell 100 wood |
| 23:38 | 最强王者十万个 · age_up castle |
| 23:41 | FEARthisDUDE · first_building Castle |
| 24:47 | Burrito · age_up castle |
| 24:50 | 东哥 · first_building Castle |
| 24:55 | Burrito · first_building Castle |
| 25:25 | FEARthisDUDE · first_building Barracks |
| 26:35 | 东哥 · first_building Siege Workshop |
| 26:47 | FEARthisDUDE · first_building Siege Workshop |
| 27:17 | Burrito · first_market_sell 100 wood |
| 27:48 | 东哥 · wall_segment Stone Wall x8 |
| 27:50 | 最强王者十万个 · first_building Castle |
| 29:00 | 东哥 · first_building Monastery |
| 29:08 | 最强王者十万个 · first_building Siege Workshop |
| 29:46 | 东哥 · wall_segment Stone Wall x20 |
| 30:28 | 最强王者十万个 · first_building Monastery |
| 30:40 | 东哥 · age_up imperial |
| 31:16 | 最强王者十万个 · first_building Archery Range |
| 31:43 | 最强王者十万个 · wall_segment Stone Wall x16 |
| 32:29 | 东哥 · first_building Archery Range |
| 34:07 | FEARthisDUDE · age_up imperial |
| 34:17 | Burrito · first_building Siege Workshop |
| 34:23 | Burrito · first_building Stable |
| 34:32 | Burrito · first_building Archery Range |
| 35:49 | Burrito · wall_segment Stone Wall x8 |
| 37:21 | Burrito · wall_segment Stone Wall x9 |
| 39:18 | FEARthisDUDE · first_building Stable |
| 40:42 | Burrito · resign |
| 41:51 | FEARthisDUDE · wall_segment Stone Wall x16 |
| 42:51 | FEARthisDUDE · wall_segment Stone Wall x9 |
| 42:58 | FEARthisDUDE · wall_segment Stone Wall x10 |
| 44:30 | 东哥 · wall_segment Stone Wall x14 |
| 46:00 | 东哥 · wall_segment Stone Wall x4 |
| 47:15 | 最强王者十万个 · age_up imperial |
[ AI ANALYSIS · 1 CREDIT ]
What really happened in this match?
Wolo.gg analyzes every decision: build order, eco, micro, common mistakes by bracket. Personalized analysis on WhatsApp or Discord in 30 seconds.
Civ guide
Khmer
Map guide
Black Forest
Perfil
Jugador #5232152